| TOP OF THE 1ST |
|
Minnesota (NYP) Twins batting - Pitching for Connecticut Tigers : LHP Randolph Main
|
|
Pitching: LHP Randolph Main
|
|
|
Batting: RHB Caleb Bockmann
|
0-0: Called Strike 0-1: Ball 1-1: Swinging Strike 1-2: Strikes out looking
|
|
Batting: RHB Fhil Mikrakin
|
0-0: Ball 1-0: Ball 2-0: Fly out, F8 (Flyball, 78XD, EV 105.0 MPH)
|
|
Batting: RHB Steve Raine
|
0-0: Ball 1-0: Fly out, F8 (Line Drive, 8LD, EV 98.1 MPH)
|
| Top of the 1st over - 0 runs, 0 hits, 0 errors, 0 left on base; Minnesota (NYP) 0 - Connecticut 0 |
| BOTTOM OF THE 1ST |
|
Connecticut Tigers batting - Pitching for Minnesota (NYP) Twins : RHP Glen Dutton
|
|
Pitching: RHP Glen Dutton
|
|
|
Batting: RHB Seth Fox
|
0-0: Swinging Strike 0-1: Called Strike 0-2: Strikes out swinging
|
|
Batting: RHB Tony Nunez
|
0-0: Called Strike 0-1: Ball 1-1: Ball 2-1: Ball 3-1: Swinging Strike 3-2: Strikes out swinging
|
|
Batting: SHB Ronnie Lundy
|
0-0: Ball 1-0: Ball 2-0: Ball 3-0: Called Strike 3-1: Ground out 4-3 (Groundball, 34D, EV 88.8 MPH)
|
| Bottom of the 1st over - 0 runs, 0 hits, 0 errors, 0 left on base; Minnesota (NYP) 0 - Connecticut 0 |
| TOP OF THE 2ND |
|
Minnesota (NYP) Twins batting - Pitching for Connecticut Tigers : LHP Randolph Main
|
|
Batting: RHB Nate Matson
|
0-0: Ball 1-0: Ball 2-0: Ball 3-0: Base on Balls
|
|
Batting: LHB Hector Olvera
|
0-0: Called Strike 0-1: Foul Ball, location: 2F 0-2: Ball 1-2: Ball 2-2: Ball 3-2: Strikes out swinging
|
|
Batting: RHB Chris Bejarano
|
0-0: Called Strike 0-1: Ball 1-1: Ball 2-1: Foul Ball, location: 2F 2-2: Strikes out swinging
|
|
Batting: LHB Ben Roth
|
0-0: Called Strike 0-1: Ball 1-1: Ball 2-1: Ball 3-1: Fielders Choice at 2nd, 6-4 (Groundball, 6, EV 88.1 MPH)
|
| Top of the 2nd over - 0 runs, 0 hits, 0 errors, 1 left on base; Minnesota (NYP) 0 - Connecticut 0 |
| BOTTOM OF THE 2ND |
|
Connecticut Tigers batting - Pitching for Minnesota (NYP) Twins : RHP Glen Dutton
|
|
Batting: SHB Isaiah Bias
|
0-0: Called Strike 0-1: Ground out 4-3 (Groundball, 34, EV 90.6 MPH)
|
|
Batting: RHB Yaremka Rzhevsky
|
0-0: Ball 1-0: Foul Ball, location: 2F 1-1: Fly out, F9 (Flyball, 9, EV 82.5 MPH)
|
|
Batting: LHB Ryan Adams
|
0-0: Ball 1-0: Foul Ball, location: 2F 1-1: Swinging Strike 1-2: Ball 2-2: Ground out 3-1 (Groundball, 34S, EV 81.9 MPH)
|
| Bottom of the 2nd over - 0 runs, 0 hits, 0 errors, 0 left on base; Minnesota (NYP) 0 - Connecticut 0 |
| TOP OF THE 3RD |
|
Minnesota (NYP) Twins batting - Pitching for Connecticut Tigers : LHP Randolph Main
|
|
Batting: RHB David McClellan
|
0-0: Foul Ball, location: 2F 0-1: Foul Ball, location: 2F 0-2: Ball 1-2: Foul Ball, location: 2F 1-2: Ball 2-2: Ball 3-2: Strikes out swinging
|
|
Batting: LHB Jose Hilario
|
0-0: Called Strike 0-1: Ground out 4-3 (Groundball, 4, EV 76.9 MPH)
|
|
Batting: RHB Caleb Bockmann
|
0-0: Ground out 5-3 (Groundball, 56, EV 88.1 MPH)
|
| Top of the 3rd over - 0 runs, 0 hits, 0 errors, 0 left on base; Minnesota (NYP) 0 - Connecticut 0 |
| BOTTOM OF THE 3RD |
|
Connecticut Tigers batting - Pitching for Minnesota (NYP) Twins : RHP Glen Dutton
|
|
Batting: RHB Brandon Everett
|
0-0: Ground out 6-3 (Groundball, 6S, EV 83.1 MPH)
|
|
Batting: RHB Dustin Bursell
|
0-0: Ball 1-0: Ball 2-0: DOUBLE (Line Drive, 9LM, EV 111.2 MPH)
|
|
Batting: LHB Zach Rose
|
0-0: Called Strike Dustin Bursell is caught stealing 3rd base 2-5 0-1: Ball 1-1: Foul Ball, location: 2F 1-2: Strikes out swinging
|
| Bottom of the 3rd over - 0 runs, 1 hit, 0 errors, 0 left on base; Minnesota (NYP) 0 - Connecticut 0 |
| TOP OF THE 4TH |
|
Minnesota (NYP) Twins batting - Pitching for Connecticut Tigers : LHP Randolph Main
|
|
Batting: RHB Fhil Mikrakin
|
0-0: Ball 1-0: Foul Ball, location: 2F 1-1: Foul Ball, location: 2F 1-2: Ball 2-2: Foul Ball, location: 2F 2-2: Ground out 4-3 (Groundball, 4, EV 110.6 MPH)
|
|
Batting: RHB Steve Raine
|
0-0: Foul Ball, location: 2F 0-1: Ball 1-1: Ground out 4-3 (Groundball, 4, EV 95.0 MPH)
|
|
Batting: RHB Nate Matson
|
0-0: Foul Ball, location: 2F 0-1: Foul Ball, location: 2F 0-2: Ball 1-2: Foul Ball, location: 2F 1-2: Strikes out looking
|
| Top of the 4th over - 0 runs, 0 hits, 0 errors, 0 left on base; Minnesota (NYP) 0 - Connecticut 0 |
| BOTTOM OF THE 4TH |
|
Connecticut Tigers batting - Pitching for Minnesota (NYP) Twins : RHP Glen Dutton
|
|
Batting: RHB Seth Fox
|
0-0: Bunt for hit to 2L - play at first, batter OUT! 2-3
|
|
Batting: RHB Tony Nunez
|
0-0: Called Strike 0-1: Ball 1-1: Called Strike 1-2: Ball 2-2: Strikes out swinging
|
|
Batting: SHB Ronnie Lundy
|
0-0: Foul Ball, location: 2F 0-1: Ball 1-1: Ball 2-1: Swinging Strike 2-2: Ground out 1-3 (Groundball, 13S, EV 69.4 MPH)
|
| Bottom of the 4th over - 0 runs, 0 hits, 0 errors, 0 left on base; Minnesota (NYP) 0 - Connecticut 0 |
| TOP OF THE 5TH |
|
Minnesota (NYP) Twins batting - Pitching for Connecticut Tigers : LHP Randolph Main
|
|
Batting: LHB Hector Olvera
|
0-0: SINGLE (Groundball, 34D, EV 103.1 MPH)
|
|
Batting: RHB Chris Bejarano
|
0-0: Foul Ball, location: 2F 0-1: Called Strike 0-2: Ball 1-2: Foul Ball, location: 2F 1-2: Foul Ball, location: 2F 1-2: Strikes out looking
|
|
Batting: LHB Ben Roth
|
0-0: Ball 1-0: Called Strike 1-1: Called Strike 1-2: Ball 2-2: Strikes out swinging
|
|
Batting: RHB David McClellan
|
0-0: Called Strike 0-1: Ball 1-1: Foul Ball, location: 2F 1-2: SINGLE (Groundball, 4M, EV 87.5 MPH) (infield hit) Hector Olvera to second
|
|
Batting: LHB Jose Hilario
|
0-0: Foul Ball, location: 2F 0-1: Ground out 4-3 (Groundball, 4, EV 98.8 MPH)
|
| Top of the 5th over - 0 runs, 2 hits, 0 errors, 2 left on base; Minnesota (NYP) 0 - Connecticut 0 |
| BOTTOM OF THE 5TH |
|
Connecticut Tigers batting - Pitching for Minnesota (NYP) Twins : RHP Glen Dutton
|
|
Batting: SHB Isaiah Bias
|
0-0: Called Strike 0-1: Ball 1-1: Called Strike 1-2: Strikes out swinging
|
|
Batting: RHB Yaremka Rzhevsky
|
0-0: Called Strike 0-1: Foul Ball, location: 2F 0-2: Ball 1-2: Foul Ball, location: 2F 1-2: Foul Ball, location: 2F 1-2: Ball 2-2: Strikes out swinging
|
|
Batting: LHB Ryan Adams
|
0-0: Ball 1-0: Foul Ball, location: 2F 1-1: Ball 2-1: Ball 3-1: Ground out 4-3 (Groundball, 4, EV 103.1 MPH)
|
| Bottom of the 5th over - 0 runs, 0 hits, 0 errors, 0 left on base; Minnesota (NYP) 0 - Connecticut 0 |
| TOP OF THE 6TH |
|
Minnesota (NYP) Twins batting - Pitching for Connecticut Tigers : LHP Randolph Main
|
|
Batting: RHB Caleb Bockmann
|
0-0: Foul Ball, location: 2F 0-1: Called Strike 0-2: Ball 1-2: Ball 2-2: SINGLE (Line Drive, 6D, EV 95.0 MPH)
|
|
Batting: RHB Fhil Mikrakin
|
0-0: Ball 1-0: Ball 2-0: Fly out, F9 (Flyball, 89S, EV 95.6 MPH)
|
|
Batting: RHB Steve Raine
|
0-0: DOUBLE (Line Drive, 89D, EV 112.5 MPH) Caleb Bockmann to third
|
|
Pitching: RHP Bert Hernandez
|
|
|
Batting: RHB Nate Matson
|
0-0: Ball 1-0: Ball 2-0: DOUBLE (Groundball, 5L, EV 106.2 MPH) Caleb Bockmann scores Steve Raine scores
|
|
Batting: LHB Hector Olvera
|
0-0: Ball 1-0: Ball 2-0: Ball 3-0: Called Strike 3-1: Foul Ball, location: 2F 3-2: Foul Ball, location: 2F 3-2: Foul Ball, location: 2F 3-2: Foul Ball, location: 2F 3-2: Fly out, F5 (Popup, 5S, EV 85.0 MPH)
|
|
Batting: RHB Chris Bejarano
|
0-0: Foul Ball, location: 2F 0-1: Foul Ball, location: 2F 0-2: Ball 1-2: Strikes out swinging
|
| Top of the 6th over - 2 runs, 3 hits, 0 errors, 1 left on base; Minnesota (NYP) 2 - Connecticut 0 |
| BOTTOM OF THE 6TH |
|
Connecticut Tigers batting - Pitching for Minnesota (NYP) Twins : RHP Glen Dutton
|
|
Batting: RHB Brandon Everett
|
0-0: Called Strike 0-1: Foul Ball, location: 2F 0-2: Ball 1-2: Strikes out swinging
|
|
Batting: RHB Dustin Bursell
|
0-0: Ball 1-0: Called Strike 1-1: Reached on error, E3 (Groundball, 34, EV 105.0 MPH)
|
|
Batting: LHB Zach Rose
|
0-0: Foul Ball, location: 2F 0-1: Ball 1-1: Swinging Strike 1-2: Strikes out swinging
|
|
Batting: RHB Seth Fox
|
0-0: Called Strike 0-1: Called Strike 0-2: Foul Ball, location: 2F 0-2: Ball 1-2: Ball 2-2: Foul Ball, location: 2F 2-2: Foul Ball, location: 2F 2-2: Strikes out looking
|
| Bottom of the 6th over - 0 runs, 0 hits, 1 error, 1 left on base; Minnesota (NYP) 2 - Connecticut 0 |
| TOP OF THE 7TH |
|
Minnesota (NYP) Twins batting - Pitching for Connecticut Tigers : RHP Bert Hernandez
|
|
Batting: LHB Ben Roth
|
0-0: Ball 1-0: Ground out 5-3 (Groundball, P, EV 88.8 MPH)
|
|
Batting: RHB David McClellan
|
0-0: Ball 1-0: Foul Ball, location: 2F 1-1: Swinging Strike 1-2: Ball 2-2: Foul Ball, location: 2F 2-2: Strikes out looking
|
|
Batting: LHB Jose Hilario
|
0-0: Fly out, F7 (Flyball, 78M, EV 82.5 MPH)
|
| Top of the 7th over - 0 runs, 0 hits, 0 errors, 0 left on base; Minnesota (NYP) 2 - Connecticut 0 |
| BOTTOM OF THE 7TH |
|
Connecticut Tigers batting - Pitching for Minnesota (NYP) Twins : RHP Glen Dutton
|
|
Pitching: RHP Takeshi Kusanagi
|
|
|
Batting: RHB Tony Nunez
|
0-0: Ball 1-0: Ball 2-0: Ball 3-0: Base on Balls
|
|
Batting: SHB Ronnie Lundy
|
0-0: Ball 1-0: DOUBLE (Line Drive, 78XD, EV 110.0 MPH) Tony Nunez to third
|
|
Batting: SHB Isaiah Bias
|
0-0: Called Strike 0-1: Ball 1-1: Ball 2-1: Ball 3-1: Fly out, F8 (Flyball, 8LM, EV 91.9 MPH)
|
|
Batting: RHB Yaremka Rzhevsky
|
0-0: Ball 1-0: Ball 2-0: Ground out 4-3 (Groundball, 13, EV 90.0 MPH) Tony Nunez scores Ronnie Lundy to third
|
|
Batting: LHB Ryan Adams
|
0-0: Called Strike 0-1: Ball 1-1: Foul Ball, location: 2F 1-2: Foul Ball, location: 2F 1-2: Ball 2-2: Foul Ball, location: 2F 2-2: Ground out 3-1 (Groundball, 34S, EV 80.0 MPH)
|
| Bottom of the 7th over - 1 run, 1 hit, 0 errors, 1 left on base; Minnesota (NYP) 2 - Connecticut 1 |
| TOP OF THE 8TH |
|
Minnesota (NYP) Twins batting - Pitching for Connecticut Tigers : RHP Bert Hernandez
|
|
Batting: RHB Caleb Bockmann
|
0-0: Ball 1-0: Called Strike 1-1: Called Strike 1-2: Ball 2-2: Strikes out looking
|
|
Batting: RHB Fhil Mikrakin
|
0-0: Ball 1-0: Ball 2-0: Fly out, F9 (Flyball, 9, EV 90.6 MPH)
|
|
Batting: RHB Steve Raine
|
0-0: Called Strike 0-1: Ball 1-1: Called Strike 1-2: Ball 2-2: Foul Ball, location: 2F 2-2: Ball 3-2: Base on Balls
|
|
Pitching: RHP Matt Haberle
|
|
|
Batting: RHB Nate Matson
|
0-0: Ball 1-0: Called Strike 1-1: Called Strike 1-2: Strikes out looking
|
| Top of the 8th over - 0 runs, 0 hits, 0 errors, 1 left on base; Minnesota (NYP) 2 - Connecticut 1 |
| BOTTOM OF THE 8TH |
|
Connecticut Tigers batting - Pitching for Minnesota (NYP) Twins : RHP Takeshi Kusanagi
|
|
Batting: RHB Brandon Everett
|
0-0: Ball 1-0: Called Strike 1-1: Ground out 6-3 (Groundball, 56S, EV 85.0 MPH)
|
|
Pinch Hitting: LHB Glen Boyle
|
0-0: Foul Ball, location: 2F 0-1: Foul Ball, location: 2F 0-2: Ball 1-2: Fly out, F9 (Flyball, 9S, EV 82.5 MPH)
|
|
Batting: LHB Zach Rose
|
0-0: Called Strike 0-1: Foul Ball, location: 2F 0-2: Ball 1-2: Ball 2-2: Ball 3-2: Ground out 6-3 (Groundball, 6, EV 85.0 MPH)
|
| Bottom of the 8th over - 0 runs, 0 hits, 0 errors, 0 left on base; Minnesota (NYP) 2 - Connecticut 1 |
| TOP OF THE 9TH |
|
Minnesota (NYP) Twins batting - Pitching for Connecticut Tigers : RHP Matt Haberle
|
|
Now in LF: Iestyn Peacock
|
|
|
Now in RF: Ronnie Lundy
|
|
|
Batting: LHB Hector Olvera
|
0-0: Called Strike 0-1: Swinging Strike 0-2: Ball 1-2: Strikes out swinging
|
|
Batting: RHB Chris Bejarano
|
0-0: Called Strike 0-1: Foul Ball, location: 2F 0-2: Strikes out swinging
|
|
Batting: LHB Ben Roth
|
0-0: Foul Ball, location: 2F 0-1: Fly out, F3 (Line Drive, 34, EV 65.6 MPH)
|
| Top of the 9th over - 0 runs, 0 hits, 0 errors, 0 left on base; Minnesota (NYP) 2 - Connecticut 1 |
| BOTTOM OF THE 9TH |
|
Connecticut Tigers batting - Pitching for Minnesota (NYP) Twins : RHP Takeshi Kusanagi
|
|
Pitching: LHP Yeijiro Kimura
|
|
|
Now at 2B: Juan Aguilar
|
|
|
Batting: RHB Seth Fox
|
0-0: Ball 1-0: Ball 2-0: Foul Ball, location: 2F 2-1: Swinging Strike 2-2: Strikes out looking
|
|
Batting: RHB Tony Nunez
|
0-0: Ball 1-0: Called Strike 1-1: Swinging Strike 1-2: Foul Ball, location: 2F 1-2: Ball 2-2: Ball 3-2: Strikes out swinging
|
|
Batting: SHB Ronnie Lundy
|
0-0: Ball 1-0: Called Strike 1-1: Ball 2-1: Fly out, F8 (Flyball, 89XD, EV 106.9 MPH)
|
| Bottom of the 9th over - 0 runs, 0 hits, 0 errors, 0 left on base; Minnesota (NYP) 2 - Connecticut 1 |
|